 Dungeon Crawl Stone Soup version 0.30-a0-591-g3c58d2bc28 (webtiles) character file.

Game seed: 2293370474752788627

636 sokol815 the Cudgeller (level 7, -3/41 HPs)
             Began as a Gargoyle Monk on Jan 4, 2023.
             Slain by an orc warrior
             ... wielding a +0 battleaxe
              (5 damage)
             ... on level 4 of the Dungeon.
             The game lasted 00:08:21 (3201 turns).

sokol815 the Cudgeller (Gargoyle Monk)              Turns: 3201, Time: 00:08:22

Health: -3/41      AC: 21    Str: 16    XL:     7   Next: 50%
Magic:  7/7        EV:  5    Int:  9    God:
Gold:   291        SH:  0    Dex: 12    Spells: 6/6 levels left

rFire   x . .      SeeInvis .    a - +8 quarterstaff of Propriety {heavy, rElec rPois Int-2}
rCold   + . .      Faith    .    (shield currently unavailable)
rNeg    + . .      Spirit   .    i - +0 plate armour
rPois   ∞          Reflect  .    f - +1 hat
rElec   +          Harm     .    (no cloak)
rCorr   .          Rampage  .    m - +0 pair of gloves
Will    .....                    q - +0 pair of boots Stlth
                                 h - amulet of the acrobat
HPRegen 0.26/turn                A - +4 ring of protection
MPRegen 0.10/turn                c - ring of ice {rC+, rF-}

@: no status effects
A: sickness immunity, AC +4, negative energy resistance 1, electricity
resistance, torment resistance 1, petrification resistance
a: no special abilities


You were on level 4 of the Dungeon.
You visited 1 branch of the dungeon, and saw 4 of its levels.

You collected 291 gold pieces.

Inventory:

Hand Weapons
 a - the +8 quarterstaff of Propriety (weapon) {heavy, rElec rPois Int-2}
   (You took it off an orc on level 3 of the Dungeon)

   Int:       It affects your intelligence (-2).
   rElec:     It insulates you from electricity.
   rPois:     It protects you from poison.
 j - a +1 flail of freezing
   (You took it off a gnoll on level 1 of the Dungeon)
 l - a +0 whip of venom
   (You took it off a gnoll on level 2 of the Dungeon)
Missiles
 k - 2 boomerangs
 s - 26 stones
Armour
 b - a +0 robe
 d - a +1 kite shield
   (You found it on level 1 of the Dungeon)
 f - a +1 hat (worn)
   (You found it on level 1 of the Dungeon)
 i - a +0 plate armour (worn)
   (You found it on level 1 of the Dungeon)
 m - a +0 pair of gloves (worn)
   (You found it on level 3 of the Dungeon)
 n - a +0 helmet
   (You took it off Robin on level 2 of the Dungeon)
 q - a +0 pair of boots (worn)
   (You found it on level 3 of the Dungeon)
Magical Staves
 e - a staff of conjuration
   (You found it on level 4 of the Dungeon)
Jewellery
 c - a ring of ice (right hand) {rC+, rF-}
   (You found it on level 1 of the Dungeon)
 h - an amulet of the acrobat (around neck)
   (You found it on level 3 of the Dungeon)
 A - a +4 ring of protection (left hand)
   (You found it on level 2 of the Dungeon)
Wands
 p - a wand of roots (10)
   (You took it off Natasha on level 2 of the Dungeon)
Scrolls
 E - a scroll of fear
Potions
 g - a potion of might {unknown}
 o - a potion of brilliance {unknown}
 r - 2 potions of attraction {unknown}
 t - a potion of resistance {unknown}
 G - a potion of ambrosia {!q}


   Skills:
 - Level 3.2 Fighting
 - Level 5.3(6.2) Maces & Flails
 * Level 4.7(5.9) Staves
 - Level 2.4 Dodging
 - Level 2.1 Stealth
 - Level 4.4 Shields


You had 6 spell levels left.
You didn't know any spells.
Your spell library contained the following spells:

 Spells                   Type           Power      Damage    Failure   Level
 Kiss of Death            Conj/Necr      0%         2d5       100%        1
 Slow                     Hex            0%         N/A       100%        1
 Blink                    Tloc           0%         N/A       100%        2
 Momentum Strike          Conj/Tloc      0%         3d8       100%        2
 Static Discharge         Conj/Air       0%         2-2/arc   100%        2
 Confusing Touch          Hex            0%         N/A       100%        3
 Lesser Beckoning         Tloc           0%         N/A       100%        3
 Portal Projectile        Hex/Tloc       0%         N/A       100%        3
 Tukima's Dance           Hex            0%         N/A       100%        3
 Vampiric Draining        Necr           0%         2d6       100%        3
 Vhi's Electric Charge    Tloc/Air       0%         N/A       100%        3
 Dispel Undead            Necr           0%         3d6       100%        4
 Arcjolt                  Conj/Air       0%         1d10      100%        5
 Blade Hands              Tmut           0%         N/A       100%        5
 Lightning Bolt           Conj/Air       0%         1d11      100%        5


Dungeon Overview and Level Annotations

Branches:
Dungeon (4/15) Zot: 20707
 Temple: D:4-7

Altars:
Vehumet
Yredelemnul
The Shining One


Innate Abilities, Weirdness & Mutations

You are immune to sickness and miasma.
Your stone body is resilient. (AC +4)
You are immune to poison.
You resist negative energy. (rN+)
You are resistant to electric shocks. (rElec)
You are resistant to unholy torment.
You are immune to petrification.


Message History

You closely miss the adder. The adder bites you but does no damage.
The ice beast hits you but does no damage.
The adder bites you but does no damage.
You sock the adder!
You kill the adder!
The ice beast hits you but does no damage. x2
You sock the ice beast!
The ice beast hits you but does no damage.
You bludgeon the ice beast!!
You kill the ice beast!
Your base Staves skill increases to level 4!
You start resting.
Health restored: 41
There is a stone staircase leading down here.
You climb downwards.
The goblin barely misses you. The goblin hits you but does no damage.
There is a stone staircase leading up here.
You barely miss the goblin. The goblin hits you but does no damage.
You closely miss the goblin.
The goblin hits you but does no damage. x2
You bludgeon the goblin!!
You kill the goblin!
No target in view!
No target in view!
There is a stone staircase leading down here.
You see here a +0 rapier.
e - a staff of conjuration You now have 264 gold pieces (gained 10).
You now have 277 gold pieces (gained 13).
You pick up a book of Lightning and begin reading...
You add the spells Static Discharge, Vhi's Electric Charge, Lightning Bolt and Arcjolt to your library.
You now have 284 gold pieces (gained 7).
An adder comes into view.
The adder hisses angrily.
Found 7 gold pieces.
Found a basalt altar of Yredelemnul.
You bludgeon the adder!!
You kill the adder!
No target in view!
No target in view!
A necrophage comes into view.
You see here a scroll labelled OHUCVU UMORO.
The necrophage barely misses you.
You bludgeon the necrophage!!
The necrophage hits you but does no damage.
You bludgeon the necrophage!!
You destroy the necrophage!
No target in view!
u - a scroll labelled OHUCVU UMORO
As you read the scroll labelled OHUCVU UMORO, it crumbles to dust.
It is a scroll of amnesia.
You feel forgetful for a moment.
You now have 291 gold pieces (gained 7).
You see here a +0 ring mail.
A hobgoblin comes into view.
The hobgoblin hits you but does no damage.
You bludgeon the hobgoblin!!
You kill the hobgoblin!
No target in view!
An orc comes into view. It is wielding a +0 morningstar.
The orc shouts!
You hear a shout!
An orc warrior comes into view. It is wielding a +0 battleaxe.
An orc priest comes into view. It is wielding a +0 flail.
The orc priest looks braver for a moment.
You sock the orc!
You kill the orc!
The orc warrior hits you with a +0 battleaxe.
The orc priest looks braver for a moment.
Things that are here:
a +0 morningstar; a +0 leather armour; an orc corpse You take 2 damage, and have 39/41 hp.
You sock the orc warrior!
The orc priest looks braver for a moment.
The orc warrior hits you with a +0 battleaxe.
The orc priest calls upon Beogh to heal the orc warrior.
The orc warrior is healed somewhat.
You take 2 damage, and have 37/41 hp.
You hit the orc warrior.
The orc warrior hits you with a +0 battleaxe.
The orc priest mumbles some strange prayers to Beogh against you.
Beogh smites you!
You take 16 damage, and have 21/41 hp.
MASSIVE DAMAGE!!
You hit the orc warrior.
The orc warrior hits you with a +0 battleaxe!
The orc warrior hits you but does no damage.
You take 8 damage, and have 13/41 hp.
You hit the orc priest.
The orc warrior hits you with a +0 battleaxe!
* * * LOW HITPOINT WARNING * * *
The orc priest hits you but does no damage.
You take 6 damage, and have 7/41 hp.
You barely miss the orc priest.
The orc warrior hits you but does no damage.
The orc priest hits you with a +0 flail.
* * * LOW HITPOINT WARNING * * *
The orc warrior barely misses you.
The orc priest hits you but does no damage.
You take 5 damage, and have 2/41 hp.
You closely miss the orc warrior.
The orc warrior hits you with a +0 battleaxe.
You die...

........#. ..#......
........## #(......##
.........#
##........###.....##.. .
.....#...#...##..#...
... #............#......
....#...................
#.......................
#....o@...#..#.........
##....o.#.#............
########.#.....#......
#........##...[##
#####.......#......
#..................
##.......##.........
#..........##..#.#..
#....#...###########


You could see an orc warrior and an orc priest.

Vanquished Creatures
  An ice beast (D:3)
  A black bear (D:3)
  A necrophage (D:4)
  A scorpion (D:3)
  A jelly (D:4)
  Natasha (thrice) (D:2)
  An iguana (D:4)
  An orc wizard (D:3)
  Robin (D:2)
  4 gnolls
  5 adders
  3 worms
  2 dart slugs
  7 orcs
  4 endoplasms
  A giant cockroach (D:3)
  17 goblins
  8 hobgoblins
  3 kobolds
  A quokka (D:3)
  4 ball pythons
  3 bats
  A frilled lizard (D:1)
  A rat (D:3)
75 creatures vanquished.

Notes
Turn   | Place    | Note
-------+----------+-------------------------------------------
     0 | D:1      | sokol815 the Gargoyle Monk began the quest for the Orb.
     0 | D:1      | Reached XP level 1. HP: 14/14 MP: 1/1
   218 | D:1      | Reached XP level 2. HP: 11/19 MP: 2/2
   458 | D:1      | Reached skill level 1 in Shields
   717 | D:1      | HP: 3/19 [gnoll/+0 spear (3)]
   807 | D:1      | Reached XP level 3. HP: 12/23 MP: 3/3
   860 | D:2      | Reached skill level 2 in Shields
   914 | D:2      | Reached skill level 4 in Maces & Flails
   943 | D:2      | Found a glowing golden altar of the Shining One.
  1091 | D:2      | Noticed Natasha
  1103 | D:2      | Killed Natasha
  1104 | D:2      | Reached XP level 4. HP: 27/28 MP: 4/4
  1196 | D:2      | Noticed Natasha
  1202 | D:2      | Killed Natasha
  1203 | D:2      | Reached skill level 3 in Shields
  1328 | D:2      | Noticed Robin
  1337 | D:2      | Killed Robin
  1338 | D:2      | Reached XP level 5. HP: 17/32 MP: 5/5
  1506 | D:2      | Noticed Natasha
  1518 | D:2      | Killed Natasha
  1712 | D:3      | Noticed a black bear
  1720 | D:3      | Killed a black bear
  1721 | D:3      | Reached skill level 5 in Maces & Flails
  1721 | D:3      | Reached skill level 4 in Shields
  1721 | D:3      | Reached XP level 6. HP: 35/37 MP: 6/6
  1775 | D:3      | Found a radiant altar of Vehumet.
  1916 | D:3      | Identified the +8 quarterstaff of Propriety {heavy, rElec
                  | rPois Int-2}
  1926 | D:3      | HP: 9/37 [something (11)]
  2548 | D:4      | Reached skill level 1 in Staves
  2567 | D:4      | Reached skill level 2 in Staves
  2742 | D:4      | Noticed an ice beast
  2747 | D:4      | HP: 7/37 [ice beast (13)]
  2781 | D:3      | Reached skill level 3 in Staves
  2781 | D:3      | Reached XP level 7. HP: 15/41 MP: 7/7
  2895 | D:3      | Reached skill level 4 in Staves
  3119 | D:4      | Found a basalt altar of Yredelemnul.
  3199 | D:4      | HP: 7/41 [orc warrior/+0 battleaxe (7)]
  3200 | D:4      | HP: 2/41 [orc priest/+0 flail (5)]
  3201 | D:4      | Slain by an orc warrior

Illustrated notes

Levels and vault maps discovered:
D:1:      roderic_octagonal_star, layout_loops_ring
D:2:      layout_loops_ring, basic_altar, kennysheep_generic_room_13,
          uniq_natasha, uniq_robin
D:3:      layout_basic, mainiacjoe_overflow_brackets, minmay_starry_boxes
D:4:      layout_cave_pools, yredelemnul_altar_generic

Skill      XL: |  1  2  3  4  5  6  7 |
---------------+----------------------+-----
Shields        | 1 2 3 4 |  4.4
Maces & Flails | 4 5 |  5.3
Staves         | 3 4 |  4.7
Fighting       | |  3.2
Dodging        | |  2.4
Stealth        | |  2.1

Action                   |  1- 3 |  4- 6 |  7- 9 || total
-------------------------+-------+-------+-------++-------
Melee: Mace              |    41 |       |       ||    41
       Whip              |    24 |    84 |       ||   108
       Flail             |     3 |    17 |       ||    20
       Quarterstaff      |       |    51 |    25 ||    76
Throw: Stone             |    13 |       |       ||    13
Evoke: Wand              |       |     2 |       ||     2
  Use: Scroll            |       |     9 |     1 ||    10
       Potion            |       |     1 |       ||     1
 Stab: Sleeping          |     1 |       |       ||     1
Armor: Robe              |     3 |       |       ||     3
       Plate armour      |    25 |   142 |    43 ||   210
Dodge: Dodged            |     9 |    44 |     5 ||    58
Block: Kite shield       |    34 |    45 |       ||    79

Table legend: (Time is in decaauts)
 A = Elapsed time spent in this place.
 B = Non-inter-level travel time spent in this place.
 C = Inter-level travel time spent in this place.
 D = Time resting spent in this place.
 E = Time spent auto-exploring this place.
 F = Levels seen in this place.
 G = Mean time per level.
                   A        B        C        D        E       F      G
               +--------+--------+--------+--------+--------+-----+--------+
         Total |   3290 |   3219 |     71 |    548 |   1956 |   4 |  822.5 |
       Dungeon |   3290 |   3219 |     71 |    548 |   1956 |   4 |  822.5 |
               +--------+--------+--------+--------+--------+-----+--------+

Top non-repeatable levels by time:
     D:3: 1199 daAuts
     D:1: 902 daAuts
     D:2: 766 daAuts
     D:4: 421 daAuts

Table legend:
 A = Kills in this place as a percentage of kills in entire the game.
 B = Kills by you in this place as a percentage of kills by you in the entire game.
 C = Kills by friends in this place as a percentage of kills by friends in the entire game.
 D = Other kills in this place as a percentage of other kills in the entire game.
 E = Experience gained in this place as a percentage of experience gained in the entire game.
 F = Experience gained in this place divided by the number of levels of this place that you have seen.
                   A       B       C       D       E      F
               +-------+-------+-------+-------+-------+----------------------
         Total | 100.0 | 100.0 |   N/A |   N/A | 100.0 | 227.2
       Dungeon | 100.0 | 100.0 |   N/A |   N/A | 100.0 | 227.2
               +-------+-------+-------+-------+-------+----------------------
